 Dungeon Crawl Stone Soup version 0.28.0-45-g0d030f2227 (webtiles) character file.

Game seed: 13124901939649633662

998 Ablot the Cutter (level 8, -5/73 HPs)
             Began as a Gnoll Chaos Knight on Apr 21, 2022.
             Was a Plaything of Xom.
             Slain by an ogre
             ... wielding a +0 giant club
              (20 damage)
             ... on level 5 of the Dungeon.
             The game lasted 00:05:06 (3910 turns).

Ablot the Cutter (Gnoll Chaos Knight)               Turns: 3910, Time: 00:05:06

Health: -5/73      AC:  4    Str: 13    XL:     8   Next: 19%
Magic:  12/12      EV: 13    Int: 11    God:    Xom [....*.]
Gold:   670        SH:  0    Dex: 15    Spells: 13/13 levels left

rFire   . . .      SeeInvis +   a - +0 short sword (chaos)
rCold   . . .      Faith    .   (no shield)
rNeg    + + .      Spirit   .   y - +2 robe {rN+}
rPois   .          Reflect  .   (no helmet)
rElec   .          Harm     .   (no cloak)
rCorr   .          Rampage  .   (no gloves)
Will    +....      Clarity  +   (no boots)
Stlth   ++........              (no amulet)
HPRegen 0.22/turn               E - ring of positive energy
MPRegen 0.13/turn               (no ring)

@: no status effects
A: fangs 1, strong nose, distributed training, see invisible, agile 1, clarity,
strong-willed 1, robust 1, MP-powered wands
a: Renounce Religion


You were on level 5 of the Dungeon.
You worshipped Xom.
You were a beloved toy of Xom.
You visited 1 branch of the dungeon, and saw 5 of its levels.

You collected 670 gold pieces.

Inventory:

Hand Weapons
 a - a +0 short sword of chaos (weapon)
Missiles
 c - 17 poisoned darts (quivered)
 e - 280 stones
 n - a throwing net
 q - 2 boomerangs
 r - 49 sling bullets
 u - 13 arrows
Armour
 y - a +2 robe of positive energy (worn)
 A - a +1 robe of cold resistance
Jewellery
 s - a ring of fire
 E - a ring of positive energy (left hand)
Scrolls
 d - a scroll of noise {unknown}
 f - 2 scrolls of amnesia {unknown}
 i - 4 scrolls of teleportation {unknown}
 k - 3 scrolls of blinking {unknown}
 l - 3 scrolls of vulnerability {unknown}
 o - 5 scrolls of identify {unknown}
 v - a scroll of fog {unknown}
 w - a scroll of silence {unknown}
 x - 2 scrolls of fear {unknown}
Potions
 b - a potion of might {unknown}
 g - 2 potions of curing
 h - 2 potions of mutation {unknown}
 j - a potion of ambrosia {unknown}
 m - a potion of degeneration {unknown}
 p - a potion of flight {unknown}
 t - a potion of resistance {unknown}
 z - a potion of invisibility {unknown}
 B - a potion of lignification {unknown}
 C - a potion of attraction {unknown}
 D - 2 potions of berserk rage {unknown}


   Skills:
 + Level 7.3 Fighting
 + Level 7.3 Short Blades
 + Level 3.0 Long Blades
 + Level 3.0 Axes
 + Level 3.0 Maces & Flails
 + Level 3.0 Polearms
 + Level 3.0 Staves
 + Level 3.0 Slings
 + Level 3.0 Bows
 + Level 3.0 Crossbows
 + Level 3.0 Throwing
 + Level 5.5 Armour
 + Level 4.0 Dodging
 + Level 3.0 Stealth
 + Level 3.0 Shields
 + Level 3.0 Unarmed Combat
 + Level 3.0 Spellcasting
 + Level 2.4 Conjurations
 + Level 2.4 Hexes
 + Level 2.4 Summonings
 + Level 2.4 Necromancy
 + Level 2.4 Translocations
 + Level 2.4 Transmutations
 + Level 2.4 Fire Magic
 + Level 2.4 Ice Magic
 + Level 2.4 Air Magic
 + Level 2.4 Earth Magic
 + Level 2.4 Poison Magic
 + Level 3.3 Invocations
 + Level 3.0 Evocations


You had 13 spell levels left.
You didn't know any spells.
Your spell library was empty.

Dungeon Overview and Level Annotations

Branches:
Dungeon (5/15)             Temple (0/1) D:5

Altars:

Shops:
D:2 =


Innate Abilities, Weirdness & Mutations

You have very sharp teeth.
Your uncanny sense of smell can sniff out nearby items.
Your experience applies equally to all skills.
You have supernaturally acute eyesight. (SInv)
You are agile. (Dex +2)
You possess an exceptional clarity of mind.
You are strong-willed. (Will+)
You are robust. (+10% HP)
You expend magic power (3 MP) to strengthen your wands.


Message History

You feel very sick.
The ogre shouts!
The water moccasin bites you but does no damage.
You hear an angry growl.
Unknown command.
You hit the water moccasin.
The water moccasin is almost dead.
You feel sick. The water moccasin bites you!
Unknown command.
You hit the water moccasin.
The water moccasin seems to slow down.
You freeze the water moccasin.
You kill the water moccasin!
You feel sick.
A phantom comes into view.
The ogre hits you with a +0 giant club!!
* * * LOW HITPOINT WARNING * * *
Your Long Blades skill increases to level 3!
Your Axes skill increases to level 3!
Your Maces & Flails skill increases to level 3!
Your Polearms skill increases to level 3!
Your Staves skill increases to level 3!
Your Slings skill increases to level 3!
Your Bows skill increases to level 3!
Your Crossbows skill increases to level 3!
Your Throwing skill increases to level 3!
Your Dodging skill increases to level 4!
Your Stealth skill increases to level 3!
Your Shields skill increases to level 3!
Your Unarmed Combat skill increases to level 3!
Your Spellcasting skill increases to level 3!
Your Evocations skill increases to level 3!
* * * LOW HITPOINT WARNING * * *
You feel very sick.
A black bear comes into view.
The black bear growls angrily.
Unknown command.
It was a potion of curing.
You feel better.
Xom roars with laughter!
The ogre hits you with a +0 giant club!!
You die...
Xom chuckles heartily!

############## ..........
.......... ∆ ..........
.......... .###########
#######.##
...........###########...
......................###
#.......@.............###
#.#)...O......†..........
#.)........#######.......
.W..#......# #.......
##..((.....# #....###
#.###.....# #....# .h
∆#.#...# #....# . #.....#
#....# ..##### #....#


You could see a phantom, a black bear and a neutral ogre (fast, strong, insane,
poisoned).

Vanquished Creatures
  A steam dragon (D:4)
  Menkaure (D:4)
  A water moccasin (D:5)
  An ogre (D:4)
  A scorpion (D:5)
  A water moccasin skeleton (D:4)
  A bullfrog skeleton (D:5)
  A hound (D:5)
  An orc wizard (D:4)
  4 gnolls
  4 adders
  An adder skeleton (D:4)
  4 worms
  4 dart slugs
  6 orcs
  2 ball pythons
  8 endoplasms
  A giant cockroach (D:1)
  6 goblins
  7 hobgoblins
  4 quokkas
  4 bats
  3 frilled lizards
  7 kobolds
  3 rats
77 creatures vanquished.

Vanquished Creatures (collateral kills)
  A scorpion (D:5)
  A howler monkey (D:5)
  A centaur zombie (D:5)
  3 gnolls (D:5)
  2 adders (D:5)
  A white imp (D:5)
  4 orcs (D:5)
  2 goblins (D:5)
15 creatures vanquished.

Vanquished Creatures (others)
  Sigmund (D:3)
  2 orcs (D:3)
3 creatures vanquished.

Grand Total: 95 creatures vanquished

Notes
Turn   | Place    | Note
-------+----------+-------------------------------------------
     0 | D:1      | Ablot the Gnoll Chaos Knight began the quest for the Orb.
     0 | D:1      | Reached XP level 1. HP: 23/23 MP: 1/1
   201 | D:1      | Reached XP level 2. HP: 29/29 MP: 2/2
   834 | D:1      | Found a faded altar of an unknown god.
   844 | D:1      | Reached XP level 3. HP: 35/35 MP: 3/3
   983 | D:2      | Reached skill level 1 in Invocations
   991 | D:2      | Reached skill level 1 in Long Blades
   991 | D:2      | Reached skill level 1 in Axes
   991 | D:2      | Reached skill level 1 in Maces & Flails
   991 | D:2      | Reached skill level 1 in Polearms
   991 | D:2      | Reached skill level 1 in Staves
   991 | D:2      | Reached skill level 1 in Slings
   991 | D:2      | Reached skill level 1 in Bows
   991 | D:2      | Reached skill level 1 in Crossbows
   991 | D:2      | Reached skill level 1 in Throwing
   991 | D:2      | Reached skill level 1 in Stealth
   991 | D:2      | Reached skill level 1 in Shields
   991 | D:2      | Reached skill level 1 in Unarmed Combat
   991 | D:2      | Reached skill level 1 in Spellcasting
   991 | D:2      | Reached skill level 1 in Evocations
   993 | D:2      | Reached XP level 4. HP: 28/41 MP: 5/5
  1251 | D:2      | Found Koral's Jewellery Shoppe.
  1268 | D:2      | XOM: noise
  1294 | D:2      | Reached skill level 1 in Conjurations
  1294 | D:2      | Reached skill level 1 in Hexes
  1294 | D:2      | Reached skill level 1 in Summonings
  1294 | D:2      | Reached skill level 1 in Necromancy
  1294 | D:2      | Reached skill level 1 in Translocations
  1294 | D:2      | Reached skill level 1 in Transmutations
  1294 | D:2      | Reached skill level 1 in Fire Magic
  1294 | D:2      | Reached skill level 1 in Ice Magic
  1294 | D:2      | Reached skill level 1 in Air Magic
  1294 | D:2      | Reached skill level 1 in Earth Magic
  1294 | D:2      | Reached skill level 1 in Poison Magic
  1353 | D:2      | XOM: torment (20/41 hp)
  1674 | D:2      | XOM: 1-stop teleportation journey
  1960 | D:3      | Noticed Sigmund
  1967 | D:3      | Killed Sigmund
  1967 | D:3      | XOM: divine lightning
  1968 | D:3      | Reached XP level 5. HP: 42/47 MP: 6/6
  2007 | D:3      | XOM: give mutations
  2007 | D:3      | Gained mutation: You are robust. (+10% HP) [Xom's grace]
  2007 | D:3      | Gained mutation: You are strong-willed. (Will+) [Xom's
                  | grace]
  2007 | D:3      | Gained mutation: You possess an exceptional clarity of
                  | mind. [Xom's grace]
  2624 | D:4      | XOM: god gift: 470 gold pieces
  2696 | D:4      | Reached XP level 6. HP: 27/58 MP: 8/8
  2838 | D:4      | XOM: give mutations
  2838 | D:4      | Gained mutation: You expend magic power (3 MP) to
                  | strengthen your wands. [Xom's grace]
  2838 | D:4      | Gained mutation: You have supernaturally acute eyesight.
                  | (SInv) [Xom's grace]
  2838 | D:4      | Gained mutation: You are agile. (Dex +2) [Xom's grace]
  2973 | D:4      | Reached skill level 5 in Armour
  2988 | D:4      | Noticed a steam dragon
  3003 | D:4      | Killed a steam dragon
  3004 | D:4      | Reached XP level 7. HP: 37/64 MP: 10/10
  3175 | D:4      | Noticed Menkaure
  3189 | D:4      | Killed Menkaure
  3406 | D:5      | Entered Level 5 of the Dungeon
  3413 | D:5      | XOM: summons friendly iron imp
  3509 | D:5      | XOM: scenery: 1 doors open
  3684 | D:5      | XOM: god gift: 23 stones
  3745 | D:5      | Found a staircase to the Ecumenical Temple.
  3845 | D:5      | XOM: fog
  3889 | D:5      | XOM: cast spell 'Discord'
  3894 | D:5      | Reached XP level 8. HP: 73/73 MP: 12/12
  3900 | D:5      | XOM: enchant monster (good)
  3910 | D:5      | Slain by an ogre

Illustrated notes

Levels and vault maps discovered:
D:1:      erik_arrival_cave_to_civilisation [erik_arrival_cave_to_hall],
          layout_rooms, ebering_ecumenical_altar_box, chequers_mini_garden,
          chequers_garden
D:2:      minmay_wonky_spiral, layout_rooms, serial_shops, shop_fountains,
          minivault_14, minmay_tall_x
D:3:      layout_rooms, uniq_sigmund
D:4:      layout_cave_pools, uniq_menkaure
D:5:      layout_basic, minmay_temple_entry_nine_rooms, corexii_checkpoint_a,
          minmay_fractal_squares_5

Skill      XL: |  1  2  3  4  5  6  7  8 |
---------------+-------------------------+-----
Invocations    | 1 2 3 |  3.3
Long Blades    | 1 2 3 |  3.0
Axes           | 1 2 3 |  3.0
Maces & Flails | 1 2 3 |  3.0
Polearms       | 1 2 3 |  3.0
Staves         | 1 2 3 |  3.0
Slings         | 1 2 3 |  3.0
Bows           | 1 2 3 |  3.0
Crossbows      | 1 2 3 |  3.0
Throwing       | 1 2 3 |  3.0
Stealth        | 1 2 3 |  3.0
Shields        | 1 2 3 |  3.0
Unarmed Combat | 1 2 3 |  3.0
Spellcasting   | 1 2 3 |  3.0
Evocations     | 1 2 3 |  3.0
Conjurations   | 1 2 |  2.4
Hexes          | 1 2 |  2.4
Summonings     | 1 2 |  2.4
Necromancy     | 1 2 |  2.4
Translocations | 1 2 |  2.4
Transmutations | 1 2 |  2.4
Fire Magic     | 1 2 |  2.4
Ice Magic      | 1 2 |  2.4
Air Magic      | 1 2 |  2.4
Earth Magic    | 1 2 |  2.4
Poison Magic   | 1 2 |  2.4
Dodging        | 3 4 |  4.0
Armour         | 5 |  5.5
Fighting       | 7 |  7.3
Short Blades   | 7 |  7.3

Action                   |  1- 3 |  4- 6 |  7- 9 || total
-------------------------+-------+-------+-------++-------
Melee: Short sword       |    86 |   180 |    48 ||   314
       Bite              |     9 |    18 |     7 ||    34
       Punch             |     2 |     2 |     1 ||     5
Throw: Dart              |       |     6 |     2 ||     8
       Boomerang         |       |       |     7 ||     7
  Use: Potion            |       |       |     1 ||     1
 Stab: Paralysed         |       |     1 |       ||     1
       Sleeping          |       |     1 |       ||     1
Armor: Leather armour    |    18 |    28 |       ||    46
       Robe              |       |    11 |    11 ||    22
Dodge: Dodged            |    38 |   130 |    20 ||   188
